 Dungeon Sprint DCSS version 0.28-a0-128-gcbb86046cc (webtiles) character file.

Game seed: 13498271940196578690

2932 xpp the Severer (level 9, -24/135 HPs)
             Began as a Hill Orc Fighter on Aug 16, 2021.
             Was the Champion of Beogh.
             Annihilated by Mexugin the pandemonium lord (41 damage)
             ... in the Dungeon (Sprint V: "Ziggurat Sprint").
             The game lasted 00:15:17 (709 turns).

xpp the Severer (Hill Orc Fighter)                   Turns: 709, Time: 00:15:17

Health: -24/135    AC: 12    Str: 22    XL:     9   Next: 80%
Magic:  9/9        EV: 17    Int: 20    God:    Beogh [******]
Gold:   0          SH:  0    Dex: 12    Spells: 8/8 levels left

rFire   + . .      SeeInvis .     - Unarmed
rCold   + + .      Faith    .   (shield currently unavailable)
rNeg    + + +      Spirit   .   (armour currently unavailable)
rPois   +          Reflect  .   (helmet currently unavailable)
rElec   +          Harm     .   (cloak currently unavailable)
rCorr   +          Rampage  .   (gloves currently unavailable)
Will    .....      NoTele   +   (boots currently unavailable)
Stlth   ..........              (no amulet)
HPRegen 0.32/turn               n - ring "Amanoifu" {rC+ Int+6 Dex+2}
MPRegen 0.11/turn               y - ring of the Republic {rCorr Int+6}

@: mighty, berserking, fungus-form, resistant, very quick
A: melee confuse, terrified, no casting, walk on water, tiny
a: Renounce Religion, Smiting, Recall Orcish Followers, Give Item to Named
Follower, Resurrection


You were in the Dungeon.
You worshipped Beogh.
Beogh was exalted by your worship.
You were a sentient fungus.
You visited 1 branch

Inventory:

Hand Weapons
 w - the +6 Majin-Bo {vamp, MP+6 Int+6}
   (You found it in the Dungeon)

   It occasionally heals its wielder for a portion of the damage dealt when they
   wound a living foe with it or with a spell.
   Its wielder's spells cost health as well as magical power.
   Int:       It affects your intelligence (+6).
   MP:        It affects your magic capacity (+6).
 x - the +9 heavy crossbow "Sniper" {vorpal, Acc+∞ SInv}
   (You found it in the Dungeon)

   Any ammunition fired from it inflicts extra damage upon your enemies.
   Any ammunition fired from it never misses its target.
   SInv:      It lets you see invisible.
 z - the +14 obsidian axe (melded) {vorpal, Drain Fly SInv}
   (You found it in the Dungeon)

   It inflicts extra damage upon your enemies.
   It occasionally summons demons to assist the wielder when it strikes in
   combat.
   Its wielder is mesmerised by any visible foes.
   It cannot be unequipped while any foes are visible.
   SInv:      It lets you see invisible.
   Fly:       It grants you flight.
   Drain:     It drains your maximum health when unequipped.
 D - a +5 bardiche
 E - a +5 demon trident
 F - the +7 Singing Sword {vorpal, sonic wave}
   (You found it in the Dungeon)

   It inflicts extra damage upon your enemies.
   It radiates damaging sonic waves as it strikes, especially in combat
   involving dangerous or numerous foes.
 G - the +11 plutonium sword {Contam Stlth-}
   (You found it in the Dungeon)

   It occasionally inflicts wild transmutation effects on those it strikes,
   inflicting malmutation or extra damage, or polymorphing them into a new form.
   Contam:    It causes magical contamination when unequipped.
   Stlth:     It makes you less stealthy.
 H - the +13 scythe of Curses {drain, Drain}
   (You found it in the Dungeon)

   A truly terrible weapon, it drains the life of any living foe it strikes.
   It inflicts powerful necromantic curses on any living foe it strikes.
   Drain:     It drains your maximum health when unequipped.
 I - the +8 storm bow {elec, penet}
   (You found it in the Dungeon)

   Any ammunition fired from it occasionally discharges a powerful burst of
   electricity upon striking a foe.
   Any ammunition fired by it passes through the targets it hits, potentially
   hitting all targets in its path until it reaches maximum range.
 K - the +5 halberd "Newtslayer" {venom, Stlth+}
   (You found it in the Dungeon)

   It poisons the flesh of those it strikes.
   Stlth:     It makes you more stealthy.
Armour
 a - a +5 crystal plate armour
 j - +5 gold dragon scales (melded)
 k - a +3 kite shield (melded)
 A - the +15 Maxwell's patent armour {-Cast -Tele rElec Will+ rCorr}
   (You found it in the Dungeon)

   rElec:     It insulates you from electricity.
   -Cast:     It prevents spellcasting.
   -Tele:     It prevents most forms of teleportation.
   rCorr:     It protects you from acid and corrosion.
   Will:      It increases your willpower.
 B - the +18 shield of the Gong {rElec rN+ Will+ EV-5}
   (You found it in the Dungeon)

   It is deafeningly noisy when blocking attacks.
   EV:        It affects your evasion (-5).
   rElec:     It insulates you from electricity.
   rN:        It protects you from negative energy.
   Will:      It increases your willpower.
 C - the +9 plate armour of the Solstice {rF- rCorr Str+3}
   (You found it in the Dungeon)

   Str:       It affects your strength (+3).
   rF:        It makes you vulnerable to fire.
   rCorr:     It protects you from acid and corrosion.
 L - the +2 pair of gloves of the Fisher (melded) {rPois}
   (You found it in the Dungeon)

   rPois:     It protects you from poison.
Jewellery
 n - the ring "Amanoifu" (left hypha) {rC+ Int+6 Dex+2}
   (You found it in the Dungeon)

   [ring of intelligence]

   Int:       It affects your intelligence (+6).
   Dex:       It affects your dexterity (+2).
   rC:        It protects you from cold.
 y - the ring of the Republic (right hypha) {rCorr Int+6}
   (You found it in the Dungeon)

   [ring of intelligence]

   Int:       It affects your intelligence (+6).
   rCorr:     It protects you from acid and corrosion.
Wands
 t - a wand of mindburst (7)
 u - a wand of iceblast (2)
 v - a wand of acid (6)
Scrolls
 i - 4 scrolls of blinking
 o - 4 scrolls of amnesia
 p - 7 scrolls of fog
 q - 2 scrolls of holy word
 r - 5 scrolls of identify
 s - 2 scrolls of fear
 J - 2 scrolls of brand weapon
Potions
 b - 2 potions of brilliance
 c - 5 potions of might
 d - 9 potions of curing
 e - 5 potions of heal wounds
 f - 6 potions of haste
 g - 7 potions of magic
 h - 2 potions of berserk rage
 l - 2 potions of invisibility
 m - 3 potions of resistance


   Skills:
 + Level 12.1 Fighting
 - Level 16.0 Axes
 + Level 10.7 Armour
 * Level 13.0 Shields
 - Level 2.1 Unarmed Combat


You had 8 spell levels left.
You didn't know any spells.
Your spell library contained the following spells:

 Spells                   Type           Power      Damage    Failure   Level
 Animate Skeleton         Necr           0%         N/A       19%         1
 Pain                     Necr           0%         1d4       19%         1
 Vampiric Draining        Necr           0%         2d6       50%         3
 Animate Dead             Necr           0%         N/A       88%         4
 Alistair's Intoxication  Tmut/Pois      0%         N/A       99%         5
 Borgnjor's Vile Clutch   Necr/Erth      0%         N/A       99%         5
 Eringya's Noxious Bog    Tmut/Pois      0%         N/A       100%        6
 Haunt                    Necr/Summ      0%         N/A       100%        7
 Infestation              Necr           0%         N/A       100%        8


Dungeon Overview and Level Annotations

Branches:
Dungeon (1/1)

Altars:
Ashenzari
Cheibriados
Dithmenos
Elyvilon
Fedhas
Gozag
Hepliaklqana
Kikubaaqudgha
Makhleb
Nemelex Xobeh
Okawaru
Qazlal
Ru
Sif Muna
Trog
Uskayaw
Vehumet
Wu Jian
Xom
Yredelemnul
Zin
The Shining One
Beogh
Jiyva
Lugonu

Annotations:
D 1 transporter


Message History

The redback's corpse disappears in a puff of smoke!
You slice Idolemp!! You slash the tarantella! You completely miss Mexugin.
You slash the iron imp!
You are no longer entranced.
You kill the iron imp!
Beogh accepts your kill.
Visions of slaying the tarantella flood into your mind.
Idolemp gestures at you.
You turn into a sentient fungus.
The +14 obsidian axe {vorpal, Drain Fly SInv} melds into your body.
The +2 pair of gloves of the Fisher {rPois} melds into your body.
Your +3 kite shield melds into your body.
Your +5 gold dragon scales melds into your body.
You float gracefully downwards.
Your thirst for blood fades away.
Mexugin splashes you. Something barely misses you.
The orange demon barely misses you.
You completely miss Mexugin.
Your sixfirhy completely misses Mexugin.
The tarantella closely misses you.
Idolemp sneers, "Thy eyes shall be my meal!"
Idolemp gestures at you. Mexugin misses you. The hell rat barely misses you.
The quasit closely misses you. x2
The quasit claws you but does no damage.
The white imp gestures at you. The puff of frost hits you. You resist.
The tarantella barely misses you.
You closely miss Mexugin. Idolemp barely misses you. Mexugin splashes you!!!
* * * LOW HITPOINT WARNING * * *
Something hits you but does no damage.
Deactivating autopickup; reactivate with Ctrl-A.
The orange demon barely misses you.
You release spores at something!!
The quasit bites you but does no damage.
The quasit claws you but does no damage.
The quasit closely misses you.
The hell rat bites you but does no damage.
The tarantella misses you. Idolemp gestures at you. Mexugin splashes you!!!
You die...

▓▓▓▓▓▓▓▓▓▓▓▓▓▓▓▓▓▓▓
▓...8©8...▓..8©8..▓
▓..[)")[..▓..)}|..▓
▓...:?)...▓...[.o.▓
▓.........▓...o..o▓
▓.........▓.......▓
▓.....4...▓..o†o..▓
▓...5{5o..▓.3.....▓
▓.▓.&f&3▓.▓.▓...▓.▓
▓...s©r..o▓...©...▓
▓▓▓▓▓▓▓▓▓▓▓▓▓▓▓▓▓▓▓


You could see Idolemp (fast), Mexugin (ally target), an orange demon, a
tarantella (summoned, corroded), a hell rat (summoned), a quasit, a white imp, a
friendly sixfirhy (summoned), a friendly orc warrior and a friendly orc wizard.

Vanquished Creatures
  2 naga magi (D)
  A komodo dragon (D)
  3 wind drakes (D)
  A yak (D)
  2 nagas (D)
  3 water moccasins (D)
  A floating eye (D)
  2 centaurs (D)
  A bullfrog (D)
  A crimson imp (D)
  A quasit (D)
  An iron imp (D)
  A jelly (D)
  A shadow imp (D)
  A white imp (D)
  2 ufetubi (D)
  An adder zombie (D)
  A jackal (D)
  4 ball pythons (D)
30 creatures vanquished.

Vanquished Creatures (collateral kills)
  A cane toad (D)
  A slime creature (D)
  A water moccasin (D)
  A phantom (D)
  A centaur (D)
  An ufetubus (D)
  A ball python (D)
  A ball python zombie (D)
  A giant cockroach zombie (D)
9 creatures vanquished.

Vanquished Creatures (others)
  An orc priest (D)
1 creature vanquished.

Grand Total: 40 creatures vanquished

Notes
Turn   | Place    | Note
-------+----------+-------------------------------------------
     0 | D        | xpp the Hill Orc Fighter began the quest for the Orb.
     0 | D        | Reached XP level 1. HP: 19/19 MP: 1/1
     1 | D        | Banished a spatial maelstrom
     1 | D        | Banished a spatial maelstrom
    14 | D        | Found a blossoming altar of Fedhas.
    15 | D        | Found the +6 Majin-Bo {vamp, MP+6 Int+6}
    15 | D        | Found the +9 heavy crossbow "Sniper" {vorpal, Acc+∞ SInv}
    15 | D        | Found the +10 dark maul {vorpal}
    15 | D        | Found the +15 Maxwell's patent armour {-Cast -Tele rElec
                  | Will+ rCorr}
    15 | D        | Found the +18 shield of the Gong {rElec rN+ Will+ EV-5}
    15 | D        | Found the +14 obsidian axe {vorpal, Drain Fly SInv}
    15 | D        | Found the +7 great mace "Firestarter" {inner flame, rF++}
    15 | D        | Found the +6 shillelagh "Devastator" {shatter}
    15 | D        | Found the +11 plutonium sword {Contam Stlth-}
    15 | D        | Found the +8 lance "Wyrmbane" {slay drac, rPois rF+ rC+
                  | AC+3}
    15 | D        | Found the +9 sword of Zonguldrok {reap}
    15 | D        | Found the +13 scythe of Curses {drain, Drain}
    15 | D        | Found the +5 sword of Power {vorpal}
    15 | D        | Found the +7 mace of Variability {chain chaos}
    15 | D        | Found the +7 Singing Sword {vorpal, sonic wave}
    15 | D        | Found the +8 storm bow {elec, penet}
    29 | D        | Found a shimmering blue altar of Sif Muna.
    29 | D        | Found a sacrificial altar of Ru.
    29 | D        | Found a bloodstained altar of Trog.
    29 | D        | Found a stormy altar of Qazlal.
    29 | D        | Found an iron altar of Okawaru.
    29 | D        | Found a sparkling altar of Nemelex Xobeh.
    31 | D        | Found a transporter.
    31 | D        | Found an ancient bone altar of Kikubaaqudgha.
    31 | D        | Found a viscous altar of Jiyva.
    31 | D        | Found a corrupted altar of Lugonu.
    31 | D        | Found a hazy altar of Hepliaklqana.
    31 | D        | Found a burning altar of Makhleb.
    31 | D        | Found an opulent altar of Gozag.
    54 | D        | Became a worshipper of Beogh the Brigand
    85 | D        | Reached skill level 5 in Axes
    85 | D        | Reached skill level 5 in Armour
    85 | D        | Reached skill level 5 in Shields
    85 | D        | Reached XP level 2. HP: 26/26 MP: 2/2
    86 | D        | Entered arena 2.
    86 | D        | Noticed a crimson imp
    86 | D        | Found a transporter.
    95 | D        | Killed a crimson imp
    95 | D        | Reached * piety under Beogh
    96 | D        | Reached skill level 6 in Axes
    96 | D        | Reached XP level 3. HP: 32/34 MP: 3/3
   107 | D        | Entered arena 3.
   107 | D        | Noticed a slime creature
   107 | D        | Noticed a floating eye
   107 | D        | Found a transporter.
   108 | D        | Paralysed by a floating eye for 4 turns
   109 | D        | Reached skill level 5 in Fighting
   109 | D        | Reached XP level 4. HP: 42/42 MP: 4/4
   112 | D        | Killed a floating eye
   113 | D        | Reached skill level 7 in Axes
   113 | D        | Reached XP level 5. HP: 46/51 MP: 5/5
   121 | D        | Killed a slime creature
   121 | D        | Reached ** piety under Beogh
   122 | D        | Reached skill level 10 in Axes
   122 | D        | Reached XP level 6. HP: 46/62 MP: 6/6
   128 | D        | Got the ring "Amanoifu" {rC+ Int+6 Dex+2}
   201 | D        | Entered arena 4.
   201 | D        | Found a transporter.
   202 | D        | Found the +0 staff of Battle
   206 | D        | Reached *** piety under Beogh
   213 | D        | Got the ring of the Republic {rCorr Int+6}
   218 | D        | Got the +9 plate armour of the Solstice {rF- rCorr Str+3}
   220 | D        | Entered arena 5.
   220 | D        | Found a transporter.
   224 | D        | Reached XP level 7. HP: 69/69 MP: 7/7
   224 | D        | Reached **** piety under Beogh
   232 | D        | Got the +5 halberd "Newtslayer" {venom, Stlth+}
   234 | D        | Entered arena 6.
   234 | D        | Noticed a naga
   234 | D        | Found a transporter.
   239 | D        | Reached skill level 11 in Axes
   240 | D        | Killed a naga
   240 | D        | Reached ***** piety under Beogh
   250 | D        | Entered arena 7.
   250 | D        | Noticed a wind drake
   250 | D        | Noticed a wind drake
   250 | D        | Noticed a wind drake
   251 | D        | Identified the +4 longbow of Noppet {freeze, +Blink}
   251 | D        | Found a transporter.
   256 | D        | Reached skill level 12 in Axes
   257 | D        | Killed a wind drake
   258 | D        | Reached skill level 13 in Axes
   258 | D        | Reached XP level 8. HP: 48/79 MP: 8/8
   260 | D        | Reached skill level 10 in Fighting
   261 | D        | Noticed a sun demon
   263 | D        | Killed a wind drake
   271 | D        | Killed a wind drake
   272 | D        | Reached skill level 14 in Axes
   272 | D        | Reached skill level 10 in Shields
   413 | D        | Entered arena 8.
   413 | D        | Noticed a komodo dragon
   413 | D        | Noticed a yak
   413 | D        | Noticed a cane toad
   415 | D        | Found a transporter.
   415 | D        | Killed a cane toad
   415 | D        | Reached ****** piety under Beogh
   416 | D        | Gained Murdo as an ally
   416 | D        | Reached skill level 15 in Axes
   419 | D        | Reached XP level 9. HP: 75/86 MP: 9/9
   420 | D        | Gained Olfrun as an ally
   421 | D        | Reached skill level 16 in Axes
   421 | D        | Killed a komodo dragon
   422 | D        | Reached skill level 10 in Armour
   464 | D        | Entered arena 9.
   464 | D        | Noticed a naga mage
   464 | D        | Noticed a naga mage
   465 | D        | Found a transporter.
   474 | D        | Killed a naga mage
   475 | D        | Your ally Olfrun died
   476 | D        | Killed a naga mage
   685 | D        | Got the +2 pair of gloves of the Fisher {rPois}
   697 | D        | Entered arena 10.
   697 | D        | Noticed Idolemp the pandemonium lord
   697 | D        | Noticed Bowirr the pandemonium lord
   697 | D        | Noticed an orange demon
   697 | D        | Noticed Mexugin the pandemonium lord
   698 | D        | Found a transporter.
   709 | D        | Annihilated by Mexugin the pandemonium lord

Illustrated notes

Levels and vault maps discovered:
D:        sprint_v [room_start, room_1, room_2, room_3, room_4, room_5, room_6,
          room_7, room_8, room_9, room_10, room_11, room_12, room_13, room_14,
          room_15, room_16, room_17, room_18, room_19, room_20, room_21,
          room_22, room_23, room_24, room_25, room_26, room_27]

Skill      XL: |  1  2  3  4  5  6  7  8  9 |
---------------+----------------------------+-----
Axes           | 5 6 7 10 13 15 16 | 16.0
Armour         | 5 6 7 8 9 10 | 10.7
Shields        | 5 6 7 8 9 10 13 | 13.0
Fighting       | 4 5 6 8 9 10 12 | 12.1
Unarmed Combat | |  2.1

Action                   |  1- 3 |  4- 6 |  7- 9 || total
-------------------------+-------+-------+-------++-------
Melee: Broad axe         |     6 |    15 |    28 ||    49
       Unarmed           |       |       |     3 ||     3
Invok: Recall Orcish Fol |       |       |     1 ||     1
Evoke: Wand              |     1 |       |     5 ||     6
  Use: Potion            |     1 |       |     9 ||    10
 Stab: Distracted        |       |       |     1 ||     1
Armor: Gold dragon scale |     2 |     5 |    34 ||    41
       Skin              |       |       |     5 ||     5
Dodge: Dodged            |       |       |    19 ||    19
Block: Kite shield       |     4 |    12 |    32 ||    48

Table legend: (Time is in decaauts)
 A = Elapsed time spent in this place.
 B = Non-inter-level travel time spent in this place.
 C = Inter-level travel time spent in this place.
 D = Time resting spent in this place.
 E = Time spent auto-exploring this place.
 F = Levels seen in this place.
 G = Mean time per level.
                   A        B        C        D        E       F      G
               +--------+--------+--------+--------+--------+-----+--------+
         Total |    713 |    713 |      0 |    397 |      0 |   1 |  713.0 |
       Dungeon |    713 |    713 |      0 |    397 |      0 |   1 |  713.0 |
               +--------+--------+--------+--------+--------+-----+--------+

Top non-repeatable levels by time:
       D: 713 daAuts
